 Dungeon Crawl Stone Soup version 0.18-a0-61-g51eb058 (webtiles) character file.

1209 Kel the Skirmisher (level 8, -3/52 HPs)
             Began as a Gargoyle Fighter on Nov 1, 2015.
             Was an Initiate of Qazlal.
             Slain by an orc warrior
             ... wielding a +0 scimitar
              (10 damage)
             ... on level 6 of the Dungeon on Nov 9, 2015.
             The game lasted 00:16:56 (6012 turns).

Kel the Skirmisher (Gargoyle Fighter)               Turns: 6012, Time: 00:16:57

Health: -3/52      AC: 22    Str: 23    XL:     8   Next: 45%
Magic:  8/8        EV:  8    Int:  8    God:    Qazlal [......]
Gold:   151        SH:  0    Dex:  9    Spells: 0 memorised, 7 levels left

rFire  . . .     SeeInvis +     a - +0 war axe
rCold  . . .     Clarity  .     w - +0 chain mail
rNeg   + + .     SustAt   .     (no shield)
rPois  ∞         Gourm    .     y - +1 helmet
rElec  +         Spirit   .     b - +0 cloak
rCorr  .         Warding  +     r - +0 pair of gloves
rMut   .         Stasis   .     (no boots)
MR     .....                    u - amulet of warding
Stlth  ..........               p - ring of see invisible
                                h - +2 ring of protection

@: not resistant to hostile enchantments, extremely unstealthy
A: negative energy resistance 1, electricity resistance, unbreathing,
petrification resistance, rot immunity, AC +5
a: Renounce Religion


You were on level 6 of the Dungeon.
You worshipped Qazlal.
Qazlal was noncommittal.
You were near starving.

You visited 1 branch of the dungeon, and saw 7 of its levels.

You collected 340 gold pieces.
You spent 189 gold pieces at shops.

Inventory:

Hand Weapons
 a - a +0 war axe (weapon)
Missiles
 s - 18 poisoned needles
 v - 3 needles of confusion
Armour
 b - a +0 cloak (worn)
 r - a +0 pair of gloves (worn)
 w - a +0 chain mail (worn)
 y - a +1 helmet (worn)
Jewellery
 h - a +2 ring of protection (left hand)
 m - an uncursed ring of stealth
 p - a ring of see invisible (right hand)
 u - an amulet of warding (around neck)
 F - an uncursed ring of stealth
Wands
 E - a wand of magic darts (36)
Scrolls
 d - a scroll of blinking {unknown}
 g - 2 scrolls of teleportation
 l - 2 scrolls of fear {unknown}
 n - 6 scrolls of identify
 q - 2 scrolls of remove curse
 x - a scroll of fog {unknown}
 B - 3 scrolls of recharging {unknown}
 C - 3 scrolls of amnesia {unknown}
Potions
 c - a potion of brilliance {unknown}
 i - a potion of cancellation {unknown}
 j - 2 potions of flight {unknown}
 k - 2 potions of heal wounds {unknown}
 o - 2 potions of curing
 t - 2 potions of agility {unknown}
Books
 D - a book of Frost

   Spells                             Type                      Level
   a - Freeze                         Ice                          1
   b - Throw Frost                    Conjuration/Ice              2
   c - Ozocubu's Armour               Charms/Ice                   3
   d - Throw Icicle                   Conjuration/Ice              4
   e - Summon Ice Beast               Ice/Summoning                4
   f - Condensation Shield            Ice                          4
Comestibles
 e - 8 bread rations
 f - 13 fruits
 z - a beef jerky
 A - a meat ration


   Skills:
 + Level 6.6 Fighting
 + Level 5.2 Axes
 + Level 6.5 Armour
 - Level 1.2 Dodging
   Level 4.4 Shields


You had 7 spell levels left.
You didn't know any spells.

Dungeon Overview and Level Annotations

Branches:
Dungeon (7/15)             Temple (0/1) D:7

Altars:
Dithmenos
Qazlal
Zin
The Shining One

Shops:
D:4 [

Annotations:
D:4 tijit's ghost, amateur HOFi


Innate Abilities, Weirdness & Mutations

You are resistant to torment.
Your stone body is resilient (AC +5).
You are immune to poison.
You resist negative energy.
You are resistant to electric shocks.
You can survive without breathing.
You are immune to petrification.
You are immune to rotting.


Message History

You hit the orc warrior but do no damage.
The orc warrior is lightly wounded.
The orc warrior hits you with a scimitar!
You barely miss the orc warrior.
The orc warrior is lightly wounded.
The orc warrior hits you but does no damage.
You closely miss the orc warrior.
The orc warrior is lightly wounded.
The orc warrior hits you but does no damage.
You hit the orc warrior but do no damage.
The orc warrior is lightly wounded.
The orc warrior hits you with a scimitar.
You hit the orc warrior but do no damage.
The orc warrior is lightly wounded.
The orc warrior hits you with a scimitar!
* * * LOW HITPOINT WARNING * * *
You closely miss the orc warrior.
The orc warrior is lightly wounded.
The orc warrior hits you with a scimitar!
You die...

.......## ##..# ###.#.###.[.
.......#
#..######.(.#...##..
.......#
#.###.....#####.....
.......# #[###.##### ####..
.......# ####.##..# ##.....
.....#># ##........##
##..#### ######.#
#..........# ##.....##
#.###..........#####.......#
#..##......@...#.....)......
##.##......o...#.##.........
#.##..........#.##.........
#.###........##.##.........
#.#############.##.........
#...............###......(#
##################.........
#......... #.........


You could see an orc warrior.

Vanquished Creatures
  Sigmund (D:6)
  A steam dragon (D:5)
  An ice beast (D:3)
  A water moccasin (D:5)
  2 ogres
  A scorpion (D:6)
  3 wights (D:6)
  2 iguanas
  An orc priest (D:3)
  2 giant frog skeletons
  A worker ant (D:4)
  5 adders
  4 gnolls (D:2)
  A shadow imp (D:5)
  2 oozes
  A worm (D:3)
  5 giant geckos
  21 orcs
  A ball python (D:3)
  6 giant cockroaches
  13 hobgoblins
  6 jackals
  7 bats
  A giant gecko skeleton (D:4)
  3 giant newts
  12 goblins
  6 kobolds
  A quokka (D:2)
  14 rats
125 creatures vanquished.

Notes
Turn   | Place    | Note
--------------------------------------------------------------
     0 | D:1      | Kel the Gargoyle Fighter began the quest for the Orb.
     0 | D:1      | Reached XP level 1. HP: 14/14 MP: 1/1
   128 | D:1      | Reached XP level 2. HP: 19/19 MP: 2/2
   636 | D:1      | Reached XP level 3. HP: 24/24 MP: 3/3
   888 | D:2      | Reached skill level 4 in Shields
  1080 | D:2      | Reached XP level 4. HP: 27/29 MP: 4/4
  1103 | D:2      | You fall through a shaft for 2 floors!
  1228 | D:4      | Noticed tijit's ghost (amateur HOFi)
  1302 | D:4      | Reached skill level 1 in Dodging
  1636 | D:3      | Reached XP level 5. HP: 33/33 MP: 5/5
  2544 | D:3      | Noticed an ogre
  2555 | D:3      | Killed an ogre
  2555 | D:3      | Reached XP level 6. HP: 36/39 MP: 6/6
  2727 | D:3      | Reached skill level 5 in Fighting
  3198 | D:4      | Reached XP level 7. HP: 42/44 MP: 7/7
  3250 | D:4      | Found Seamec's Antique Armour Boutique.
  3258 | D:4      | Bought a faintly glowing scale mail for 189 gold pieces
  3258 | D:4      | Identified the cursed +1 scale mail of the Apprentice {rN+++ Str-2 Int-3 Dex+2} (You bought it in a shop on level 4 of the Dungeon)
  3343 | D:4      | Reached skill level 5 in Armour
  3512 | D:5      | Entered Level 5 of the Dungeon
  3634 | D:5      | Noticed a steam dragon
  3644 | D:5      | Killed a steam dragon
  3955 | D:5      | Found a glowing golden altar of the Shining One.
  3955 | D:5      | Found a glowing silver altar of Zin.
  4038 | D:5      | Found a stormy altar of Qazlal.
  4044 | D:5      | Became a worshipper of Qazlal Stormbringer
  4825 | D:6      | Reached skill level 6 in Fighting
  4825 | D:6      | Reached XP level 8. HP: 28/51 MP: 8/8
  5315 | D:6      | Found a shadowy altar of Dithmenos.
  5395 | D:6      | Noticed Sigmund
  5406 | D:6      | Killed Sigmund
  5406 | D:6      | Reached skill level 5 in Axes
  5643 | D:7      | Upgraded the game from 0.18-a0-19-g8b99b3a to 0.18-a0-61-g51eb058
  5648 | D:7      | Found a staircase to the Ecumenical Temple.
  6012 | D:6      | Slain by an orc warrior

Vault maps used:
D:1:      dpeg_arrival_ratfight
D:2:      first_bread
D:4:      lemuel_upstairs_altar, serial_shops, nicolae_shop_overgrown_old_shop,
          serial_bayou_crossing
D:5:      gammafunk_temple_overflow_statue, basic_altar
D:6:      minivault_19, nicolae_dithmenos_the_darkroom, uniq_sigmund
D:7:      minmay_temple_entry_statues_pillars, mrwooster_statue_mirror,
          the_bakery

Action                   |  1- 3 |  4- 6 |  7- 9 || total
-------------------------+-------+-------+-------++-------
Melee: War axe           |   117 |   182 |   165 ||   464
Throw: Throwing net      |       |     1 |       ||     1
  Use: Scroll            |     5 |       |     1 ||     6
       Potion            |       |     1 |       ||     1
 Stab: Held in net/web   |       |     1 |       ||     1
  Eat: Chunk             |     1 |     6 |     4 ||    11
       Bread ration      |       |       |     1 ||     1
